 Dungeon Crawl Stone Soup version 0.24-a0-361-g57161393b2 (webtiles) character file.

Game seed: 6414973140512188572

872 MisterOstroum the Skirmisher (level 7, -2/59 HPs)
             Began as a Demonspawn Wanderer on May 26, 2019.
             Was an Initiate of Qazlal.
             Slain by a gnoll
             ... wielding a +0 halberd
              (12 damage)
             ... on level 5 of the Dungeon.
             The game lasted 00:14:12 (6484 turns).

MisterOstroum the Skirmisher (Demonspawn Wanderer)  Turns: 6484, Time: 00:14:13

Health: -2/59      AC:  6    Str: 15    XL:     7   Next: 74%
Magic:  8/8        EV: 11    Int: 17    God:    Qazlal [......]
Gold:   136        SH:  0    Dex: 12    Spells: 6/6 levels left

rFire    + . .     SeeInvis .   x - +3 mace (crush)
rCold    x . .     Gourm    .   (no shield)
rNeg     . . .     Faith    .   q - +0 ring mail
rPois    .         Spirit   .   z - +0 helmet
rElec    .         Reflect  .   (no cloak)
rCorr    .         Harm     .   (no gloves)
MR       .....     Clarity  +   (no boots)
Stlth    ..........             (no amulet)
HPRegen  0.19/turn              y - ring of fire
MPRegen  0.11/turn              v - +4 ring of intelligence

@: glowing
A: hooves 2, clarity, rot immunity, MP-powered wands
a: Renounce Religion


You were on level 5 of the Dungeon.
You worshipped Qazlal.
Qazlal was noncommittal.
You were hungry.

You visited 1 branch of the dungeon, and saw 5 of its levels.

You collected 256 gold pieces.
You spent 120 gold pieces at shops.

Inventory:

Hand Weapons
 x - a +3 mace of crushing (weapon)
Missiles
 d - 2 javelins
 g - 96 stones (quivered)
 k - 4 boomerangs
 n - 8 poisoned darts
 s - 3 silver boomerangs
Armour
 f - a +0 plate armour
 q - a +0 ring mail (worn)
 u - a +1 hat
 z - a +0 helmet (worn)
Jewellery
 h - an uncursed ring of wizardry
 v - a +4 ring of intelligence (right hand)
 y - a ring of fire (left hand)
Wands
 A - a wand of digging (3)
Scrolls
 a - a scroll of remove curse {unknown}
 c - 8 scrolls of teleportation {@r3 !r}
 j - 4 scrolls of identify {@r1}
 l - a scroll of fear {!r}
 r - 2 scrolls of magic mapping
Potions
 b - a potion of haste {@q4 !q}
 i - a potion of flight
 m - a potion of ambrosia
 o - 2 potions of might
 p - a potion of curing
 w - a potion of brilliance
Comestibles
 e - 13 rations


   Skills:
 + Level 6.3 Fighting
   Level 1.0 Short Blades
 + Level 3.7 Maces & Flails
 + Level 4.5 Throwing
 - Level 1.7 Dodging
 - Level 1.7 Unarmed Combat
 - Level 2.0 Evocations


You had 6 spell levels left.
You didn't know any spells.
Your spell library was empty.

Dungeon Overview and Level Annotations

Branches:
Dungeon (5/15)
 Temple: D:4-7

Altars:
Dithmenos
Kikubaaqudgha
Qazlal

Shops:
D:4 !?=


Innate Abilities, Weirdness & Mutations

You have hoof-like feet.
You are immune to rotting.
You possess an exceptional clarity of mind.
You expend magic power (3 MP) to strengthen your wands.


Message History

A gnoll is wielding a +1 whip of pain.
The gnoll shaman shouts!
The gnoll shouts! x2
A gnoll comes into view. It is wielding a +0 halberd.
The gnoll moves out of view.
Found a shadowy altar of Dithmenos.
The gnoll misses you.
Found 20 stones.
You see here a scroll of magic mapping {@r5 !r}.
The gnoll barely misses you. The gnoll hits you with a +0 spear.
You hit the gnoll. Your kick misses the gnoll.
The gnoll is heavily wounded.
The gnoll hits you with a +0 spear.
The gnoll shaman hits you with a +0 club.
The gnoll barely misses you.
You closely miss the gnoll.
The gnoll is heavily wounded.
The gnoll hits you with a +0 spear.
The gnoll shaman mumbles some strange prayers to its god against you.
You resist with some effort. The gnoll completely misses you.
You barely miss the gnoll. Your kick misses the gnoll.
The gnoll is heavily wounded.
The gnoll hits you but does no damage.
The gnoll shaman hits you with a +0 club.
The gnoll closely misses you. The gnoll hits you but does no damage.
You sock the gnoll!
You kill the gnoll!
Qazlal accepts your kill.
The gnoll shaman hits you with a +0 club.
The gnoll hits you but does no damage. x2
The gnoll shaman calls down the wrath of its god upon you.
You resist with some effort.
You sock the gnoll! Your kick misses the gnoll.
The gnoll is severely wounded.
The gnoll closely misses you. The gnoll shaman barely misses you.
The gnoll barely misses you.
You hit the gnoll but do no damage.
The gnoll is severely wounded.
The gnoll hits you from afar with a +0 halberd.
The gnoll shaman hits you with a +0 club.
The gnoll barely misses you.
You barely miss the gnoll.
The gnoll is severely wounded.
The gnoll hits you from afar with a +0 halberd!
The gnoll hits you but does no damage.
The gnoll shaman hits you with a +0 club.
You hit the gnoll but do no damage. Your kick misses the gnoll.
The gnoll is severely wounded.
The gnoll misses you. The gnoll barely misses you.
The gnoll shaman hits you but does no damage.
You hit the gnoll.
You kill the gnoll!
Qazlal accepts your kill. The gnoll shaman barely misses you.
The gnoll closely misses you.
The gnoll hits you with a +1 whip of pain!
You hit the gnoll.
The gnoll is heavily wounded.
The gnoll shaman calls upon its god to speed up the gnoll.
The gnoll seems to speed up.
The gnoll closely misses you. The gnoll hits you but does no damage.
You hit the gnoll.
You kill the gnoll!
Qazlal accepts your kill. The gnoll completely misses you.
The gnoll shaman hits you with a +0 club.
The gnoll closely misses you.
The gnoll shaman hits you with a +0 club.
* * * LOW HITPOINT WARNING * * *
Found 9 bolts.
The gnoll hits you from afar with a +0 halberd.
* * * LOW HITPOINT WARNING * * *
The gnoll shaman calls down the wrath of its god upon you.
You are outlined in light.
The gnoll closely misses you.
An orc comes into view.
The orc shouts!
You feel better.
The gnoll hits you from afar with a +0 halberd!
* * * LOW HITPOINT WARNING * * *
The gnoll shaman hits you but does no damage.
The orc hits you but does no damage.
The gnoll hits you from afar with a +0 halberd.
* * * LOW HITPOINT WARNING * * *
You hit the orc. You kick the orc, but do no damage.
The orc is heavily wounded.
The gnoll hits you from afar with a +0 halberd.
* * * LOW HITPOINT WARNING * * *
A shadow imp comes into view.
The gnoll shaman closely misses you. The orc closely misses you.
The gnoll barely misses you. The orc hits you but does no damage.
The gnoll shaman barely misses you.
The shadow imp shouts, "Remove thy stench, thou paunchy sow-suckled mammet!"
You hit the orc but do no damage.
The orc is heavily wounded.
The gnoll barely misses you. The orc hits you but does no damage.
The gnoll shaman hits you but does no damage.
You sock the orc!
You kill the orc!
Qazlal accepts your kill.
The gnoll hits you from afar with a +0 halberd!
You die...

######...#......
#..g##...#......
##§#§.#...#.....#
##§§§#.?#..# ####
###§#§#§#....# #..#
#§§§§§.§........#...
#.#§#§#.##......#.†#
#g##g§§#.#......#..#
#..@#§# §+......#...
###[#§# #.....##..#
##.. ....(##..# ....
....# ...... ......
..5... ........
...... ........
....## ..###..# #.


You could see a gnoll shaman, a gnoll and a shadow imp.

Vanquished Creatures
  2 ogres
  A necrophage (D:5)
  2 centaurs (D:5)
  2 scorpions
  An iguana (D:4)
  An orc wizard (D:3)
  3 worker ants
  A howler monkey zombie (D:5)
  4 adders
  7 gnolls
  An adder skeleton (D:5)
  8 dart slugs
  3 worms (D:2)
  A leopard gecko (D:4)
  14 orcs
  2 giant cockroaches
  6 hobgoblins
  10 jackals
  8 kobolds
  A quokka (D:2)
  3 ball pythons
  6 bats
  A frilled lizard (D:1)
  7 goblins
  A jackal skeleton (D:4)
  5 rats
  A toadstool (D:1)
102 creatures vanquished.

Vanquished Creatures (others)
  3 toadstools (D:1)
3 creatures vanquished.

Grand Total: 105 creatures vanquished

Notes
Turn   | Place    | Note
-------+----------+-------------------------------------------
     0 | D:1      | MisterOstroum the Demonspawn Wanderer began the quest for
                  | the Orb.
     0 | D:1      | MisterOstroum set off with the following items: a +0 club,
                  | a potion of haste {@q4 !q}, 2 scrolls of teleportation, a
                  | +0 robe, a ration, a potion of heal wounds {@q2 !q}
     0 | D:1      | Reached XP level 1. HP: 18/18 MP: 2/2
   165 | D:1      | Gained mutation: You are immune to rotting. [demonic
                  | ancestry]
   165 | D:1      | Reached XP level 2. HP: 14/25 MP: 3/3
  1109 | D:1      | Reached skill level 4 in Fighting
  1109 | D:1      | Reached skill level 1 in Throwing
  1109 | D:1      | Gained mutation: You have large cloven feet. [demonic
                  | ancestry]
  1109 | D:1      | Reached XP level 3. HP: 9/30 MP: 4/4
  2116 | D:2      | Reached XP level 4. HP: 33/38 MP: 5/5
  3357 | D:3      | Reached skill level 1 in Maces & Flails
  3357 | D:3      | Reached XP level 5. HP: 26/43 MP: 6/6
  3544 | D:3      | Found an ancient bone altar of Kikubaaqudgha.
  3930 | D:4      | Gained mutation: You possess an exceptional clarity of
                  | mind. [potion of mutation]
  3930 | D:4      | Gained mutation: You expend magic power (3 MP) to
                  | strengthen your wands. [potion of mutation]
  3967 | D:4      | Found Jagan's Jewellery Shop.
  4030 | D:4      | Found Kehyiv's Magic Scroll Shoppe.
  4038 | D:4      | Bought a scroll of identify for 24 gold pieces
  4096 | D:4      | Reached skill level 5 in Fighting
  4508 | D:4      | Found Ammaa's Distillery.
  4746 | D:4      | Found a stormy altar of Qazlal.
  4776 | D:4      | Reached XP level 6. HP: 45/51 MP: 7/7
  4784 | D:4      | Became a worshipper of Qazlal Stormbringer
  5133 | D:4      | Bought 2 potions of might for 96 gold pieces
  5255 | D:5      | Entered Level 5 of the Dungeon
  5433 | D:5      | Gained mutation: You have hoof-like feet. [demonic
                  | ancestry]
  5433 | D:5      | Reached XP level 7. HP: 57/57 MP: 8/8
  5798 | D:5      | Reached skill level 6 in Fighting
  6456 | D:5      | Found a shadowy altar of Dithmenos.
  6484 | D:5      | Slain by a gnoll

Levels and vault maps discovered:
D:1:      ldierk_water_garden, layout_basic, minmay_tromino_v7
D:2:      layout_rooms, minmay_misc_feat_four_crosses
D:3:      layout_basic, lemuel_doored_altar, first_ration
D:4:      layout_loops_ring, lemuel_round_altar, serial_shops, shop,
          nicolae_shop_waterfront, shop, chequers_serial_rivers_marsh
D:5:      kennysheep_slugbush, layout_gridville,
          grunt_dithmenos_smoke_and_mirrors

Skill      XL: |  1  2  3  4  5  6  7 |
---------------+----------------------+-----
Fighting       | 4 5 6 |  6.3
Throwing       | 1 2 3 4 |  4.5
Maces & Flails | 1 2 3 |  3.7
Short Blades   | |  1.0
Dodging        | |  1.7
Unarmed Combat | |  1.7
Evocations     | |  2.0

Action                   |  1- 3 |  4- 6 |  7- 9 || total
-------------------------+-------+-------+-------++-------
Melee: Club              |    15 |       |       ||    15
       Whip              |   112 |    52 |       ||   164
       Kick              |    22 |    43 |     5 ||    70
       Mace              |       |   117 |    53 ||   170
Throw: Stone             |    72 |   104 |    45 ||   221
  Use: Potion            |       |     9 |     1 ||    10
       Scroll            |       |     4 |     1 ||     5
  Eat: Chunk             |     4 |    10 |     3 ||    17
Armor: Robe              |     3 |       |       ||     3
       Ring mail         |    29 |    44 |    31 ||   104
       Plate armour      |       |    10 |       ||    10
Dodge: Dodged            |    70 |    90 |    51 ||   211

Table legend:
 A = Non-vault XP
 B = Vault XP
 C = Vault XP percentage of total XP
 D = Non-vault monster count
 E = Vault monster count
 F = Vault count percentage of total count
                 A         B        C        D         E       F
            +---------+---------+-------+---------+---------+-------
      Total |    1215 |      32 |   2.6 |      92 |       9 |   8.9
            +---------+---------+-------+---------+---------+-------
        D:1 |      37 |       8 |  17.8 |       8 |       3 |  27.3
        D:2 |      77 |       0 |   0.0 |      33 |       0 |   0.0
        D:3 |     108 |       0 |   0.0 |      20 |       0 |   0.0
        D:4 |     352 |       0 |   0.0 |      16 |       0 |   0.0
        D:5 |     641 |      24 |   3.6 |      15 |       6 |  28.6
            +---------+---------+-------+---------+---------+-------
